 Dungeon Crawl Stone Soup version 0.31.0-32-g396128a36d (webtiles) character file.

Game seed: 1997386630126737972

3762 Whimmes the Mimic (level 10, -2/66 HPs)
             Began as an Octopode Shapeshifter on Apr 3, 2024.
             Was a Follower of Elyvilon.
             Slain by an unseen horror (3 damage)
             ... on level 8 of the Dungeon.
             The game lasted 01:16:54 (8766 turns).

Whimmes the Mimic (Octopode Shapeshifter)           Turns: 8766, Time: 01:16:55

Health: -2/66      AC:  1    Str: 15    XL:     10   Next: 15%
Magic:  10/10      EV: 14    Int: 14    God:    Elyvilon [*.....]
Gold:   227        SH:  0    Dex: 13    Spells: 9/9 levels left

rFire   + .          .
                       - Unarmed
rCold   . . .        (no shield)
rNeg    . . .        (helmet currently unavailable)
rPois   .            (no amulet)
rElec   .            e - ring of protection from fire
rCorr   .            d - ring of willpower
SInv    .            (no ring)
Will    +....        (no ring)
Stlth   ++           (no ring)
HPRegen 0.31/turn    (no ring)
MPRegen 0.12/turn    (no ring)
                     (no ring)

%: no passive effects
@: beast-form
A: beast (slay +4), almost no armour, amphibious, 8 rings, camouflage 1,
gelatinous body 1, (nimble swimmer 1), tentacles
a: Begin Untransformation, Renounce Religion, Purification


You were on level 8 of the Dungeon.
You worshipped Elyvilon.
Elyvilon was aware of your devotion.
You were a hulking beast.
You visited 2 branches of the dungeon, and saw 9 of its levels.
You also visited: Sewer.

You collected 344 gold pieces.
You spent 117 gold pieces at shops.

Inventory:

Hand Weapons
 j - a +0 flail
 q - a +0 whip of electrocution
 r - a +0 whip of draining
Missiles
 g - 2 darts of dispersal (quivered)
Jewellery
 d - a ring of willpower (right tentacle)
 e - a ring of protection from fire (left tentacle)
Talismans
 b - a beast talisman
 c - a flux talisman
 p - a maw talisman
Wands
 a - a wand of charming (13)
 i - a wand of digging (8)
Scrolls
 l - 2 scrolls of teleportation
 t - a scroll of fog
Potions
 f - a potion of invisibility
 h - 2 potions of cancellation
 m - 4 potions of enlightenment
 o - a potion of might
 s - a potion of attraction


   Skills:
 - Level 5.0 Fighting
 - Level 5.0 Dodging
 + Level 7.9 Unarmed Combat
 - Level 10.0 Shapeshifting


You had 9 spell levels left.
You didn't know any spells.
Your spell library contained the following spells:

 Spells                   Type           Power      Damage    Failure   Level
 Summon Small Mammal      Summ           0%         N/A       28%         1
 Call Canine Familiar     Summ           0%         N/A       65%         3
 Ozocubu's Armour         Ice            0%         N/A       65%         3
 Summon Blazeheart Golem  Fire/Summ      0%         N/A       96%         4
 Metabolic Englaciation   Hex/Ice        0%         N/A       100%        5
 Sculpt Simulacrum        Ice/Alch       0%         N/A       100%        6


Dungeon Overview and Level Annotations

Branches:
Dungeon (8/15)             Temple (1/1) D:7           Sewer (visited)
   Lair: D:8-11

Altars:
Ashenzari
Dithmenos
Elyvilon
Fedhas
Gozag
Hepliaklqana
Kikubaaqudgha
Makhleb
Nemelex Xobeh
Okawaru
Qazlal
Ru
Sif Muna
Trog
Uskayaw
Vehumet
Wu Jian
Xom
Yredelemnul
Zin
The Shining One

Shops:
D:7 !

Annotations:
D:6 1 runed translucent door, Crazy Yiuf


Innate Abilities, Weirdness & Mutations

You are a hulking beast.
Your limbs bulge with bestial killing power. (Slay +4)
You cannot wear most types of armour.
You are amphibious.
You can wear up to eight rings at the same time.
Your skin changes colour to match your surroundings (Stealth+).
Your rubbery body absorbs attacks. (AC +1, EV +1)
((You are camouflaged when in or above water. (Stealth+)))
You have tentacles for arms and can constrict up to eight enemies at once.


Message History

You grab the kobold. You squeeze the kobold.
You kill the kobold!
You feel sick.
You are no longer poisoned.
You bludgeon the orc!
You kill the orc!
The orc priest barely misses you.
Items here: (( ))))) †††.
You tentacle-slap the orc priest but do no damage.
You grab the orc priest. You tentacle-slap the orc priest!
The orc priest is heavily wounded.
You constrict the orc priest, but do no damage.
The kobold closely misses you. The orc priest hits you with a +0 mace!
You bludgeon the orc priest!
You kill the orc priest!
The kobold barely misses you.
You bludgeon the kobold!
You kill the kobold!
You see here a +0 club.
Items here: (( ))))) †††.
You see here a +0 club.
You start resting.
There is a strange disturbance nearby!
As you read the scroll of fog, it dissolves into smoke.
Something hits you!
Deactivating autopickup; reactivate with Ctrl-A.
Something barely misses you.
You barely miss something. Something hits you! Something hits you.
Something hits you!
* * * LOW HITPOINT WARNING * * *
You see here a +0 club.
You tentacle-slap something. Something hits you!
* * * LOW HITPOINT WARNING * * *
Something hits you.
* * * LOW HITPOINT WARNING * * *
Items here: (( ))))) †††.
You closely miss something. Something barely misses you. Something hits you.
You die...

##.##.......#####
###)#.#.###.....# #
##[..## #.###.# #
##.## #.# #.# # #.#
##.###.# #
##)####...##.########
#
#.#†)................
#
##.####...##§§######
# ###
##.###.h########### .
#.#....§§§§§§..... .
#.#.#.§###########
#.#.#...#
..##)......#
.K))..)....#
..)......###
..####.### ..


There were no monsters in sight!

Vanquished Creatures
  Pikel (D:4)
  Psyche (D:8)
  A hornet (D:7)
  Prince Ribbit (D:8)
  A steam dragon (D:7)
  Menkaure (D:7)
  An orc warrior (D:5)
  An ice beast (D:5)
  An ogre (D:6)
  2 lemures (D:4)
  2 kobold brigands
  A gnoll sergeant (D:7)
  A scorpion (D:6)
  10 wights
  12 killer bees
  A howler monkey (D:6)
  3 bombardier beetles
  5 hounds
  2 quasits (D:6)
  A jelly (D:4)
  5 orc priests
  An iguana (D:5)
  2 orc wizards
  8 gnolls
  7 adders
  A river rat (Sewer)
  2 shadow imps (D:6)
  2 white imps
  A dart slug (D:3)
  2 ribbon worms
  27 orcs
  6 ball pythons
  3 bats
  5 endoplasms
  3 giant cockroaches
  2 hobgoblins (D:1)
  10 jackals
  7 quokkas
  2 frilled lizards (D:3)
  8 goblins
  2 goblin skeletons (D:6)
  2 goblin zombies (D:6)
  2 hobgoblin zombies (D:6)
  21 kobolds
  2 kobold skeletons (D:6)
  A kobold zombie (D:6)
  An orc skeleton (D:6)
  7 rats
191 creatures vanquished.

Vanquished Creatures (others)
  An orc (D:8)
1 creature vanquished.

Grand Total: 192 creatures vanquished

Notes
Turn   | Place    | Note
-------+----------+-------------------------------------------
     0 | D:1      | Whimmes the Octopode Shapeshifter began the quest for the
                  | Orb.
     0 | D:1      | Reached XP level 1. HP: 13/13 MP: 1/1
   415 | D:1      | Reached XP level 2. HP: 18/18 MP: 2/2
  1031 | D:1      | Reached XP level 3. HP: 23/23 MP: 3/3
  1680 | D:3      | Reached XP level 4. HP: 29/29 MP: 4/4
  2213 | D:4      | Noticed Pikel
  2213 | D:4      | Noticed a lemure
  2213 | D:4      | Noticed a lemure
  2213 | D:4      | Noticed a lemure
  2213 | D:4      | Noticed a lemure
  2281 | D:4      | Reached skill level 4 in Shapeshifting
  2281 | D:4      | Reached XP level 5. HP: 28/34 MP: 5/5
  2289 | D:4      | Found a glowing drain.
  2354 | Sewer    | Entered a sewer
  2417 | Sewer    | Noticed a kobold brigand
  2442 | Sewer    | Killed a kobold brigand
  2535 | Sewer    | Found a glowing silver altar of Zin.
  2608 | D:4      | Reached XP level 6. HP: 40/41 MP: 6/6
  3392 | D:4      | Killed Pikel
  3393 | D:4      | Reached skill level 6 in Shapeshifting
  3393 | D:4      | Reached XP level 7. HP: 21/48 MP: 7/7
  3550 | D:5      | Entered Level 5 of the Dungeon
  3666 | D:5      | Reached XP level 8. HP: 50/54 MP: 8/8
  4207 | D:5      | Found a sacrificial altar of Ru.
  5095 | D:5      | Reached skill level 5 in Dodging
  5282 | D:6      | Reached skill level 7 in Shapeshifting
  5354 | D:6      | Reached skill level 5 in Fighting
  5798 | D:6      | Reached skill level 5 in Unarmed Combat
  5807 | D:6      | Found a runed translucent door.
  5808 | D:6      | Noticed Crazy Yiuf
  5848 | D:6      | Found a glowing golden altar of the Shining One.
  6089 | D:6      | Found an ornate altar of the Wu Jian Council.
  6318 | D:7      | Found Fesiopik's Distillery.
  6327 | D:6      | Reached XP level 9. HP: 57/61 MP: 9/9
  6348 | D:7      | Reached skill level 8 in Shapeshifting
  6644 | D:7      | Bought a potion of might for 52 gold pieces
  6644 | D:7      | Bought a potion of heal wounds for 65 gold pieces
  6739 | D:7      | Noticed Menkaure
  7095 | D:7      | Found a staircase to the Ecumenical Temple.
  7110 | Temple   | Entered the Ecumenical Temple
  7119 | Temple   | Became a worshipper of Elyvilon the Healer
  7179 | D:7      | Killed Menkaure
  7193 | D:7      | Reached skill level 9 in Shapeshifting
  7439 | D:7      | Reached * piety under Elyvilon
  8004 | D:7      | Noticed a hornet
  8017 | D:7      | Killed a hornet
  8018 | D:7      | Reached skill level 10 in Shapeshifting
  8559 | D:8      | Reached XP level 10. HP: 38/66 MP: 10/10
  8623 | D:8      | Noticed Prince Ribbit
  8684 | D:8      | Noticed Psyche
  8692 | D:8      | Killed Psyche
  8694 | D:8      | Killed Prince Ribbit
  8764 | D:8      | HP: 1/66 [something (6)]
  8766 | D:8      | Slain by an unseen horror

Illustrated notes

Levels and vault maps discovered:
D:1:      lightli_arrival_windingriver, layout_basic, roderic_malta_cross,
          grunt_decor_resistance, hangedman_glass_teeth, nrook_mini_backslash,
          serial_bayou_lake_a
D:2:      layout_basic
D:3:      layout_rooms, corexii_corridor_pit, minmay_increasing_density
D:4:      layout_basic, portal_sewer_entry_f, uniq_pikel
D:5:      layout_loops_ring, nicolae_ru_great_annihilating_truth, corexii_shack
D:6:      layout_basic, nzn_wu_jian_contemplation, nicolae_tso_besieged_by_evil,
          serial_demonic, serial_demonic_f, serial_demonic_d, serial_demonic_b,
          serial_demonic_d, grunt_decor_cap, uniq_crazy_yiuf_cottage
D:7:      layout_gridville, minmay_temple_entry_junction, serial_shops, shop,
          uniq_menkaure
D:8:      layout_loops_ring, slow_altar_2, uniq_prince_ribbit1, uniq_grum,
          uniq_psyche
Temple:   mainiacjoe_temple_coin_purse

Skill      XL: |  1  2  3  4  5  6  7  8  9 10 |
---------------+-------------------------------+-----
Fighting       | 2 4 5 |  5.0
Shapeshifting  | 4 6 7 10 | 10.0
Dodging        | 3 4 5 |  5.0
Unarmed Combat | 5 6 7 |  7.9

Action                     |  1- 3 |  4- 6 |  7- 9 | 10-12 || total
---------------------------+-------+-------+-------+-------++-------
  Melee: Unarmed           |    54 |   128 |   249 |    15 ||   446
         Constrict         |    16 |    28 |    62 |     5 ||   111
         Tentacles         |     8 |    28 |    52 |     2 ||    90
         Punch             |     3 |     8 |    15 |     2 ||    28
  Throw: Dart              |       |     2 |       |       ||     2
         Boomerang         |       |       |    13 |       ||    13
  Evoke: Wand              |       |       |    10 |    11 ||    21
    Use: Scroll            |     2 |     7 |     7 |     1 ||    17
         Potion            |     1 |     1 |    10 |       ||    12
   Stab: Sleeping          |     5 |     4 |     4 |       ||    13
         Invisible         |       |       |     3 |       ||     3
         Paralysed         |       |       |     1 |       ||     1
         Distracted        |       |       |     1 |       ||     1
         Fleeing           |       |       |     1 |       ||     1
 Armour: Skin              |    58 |    41 |   148 |    13 ||   260
  Dodge: Dodged            |    12 |    56 |   165 |     8 ||   241
